Edmonton Oilers vs Chicago Black Hawks (R1)

Created - Thursday, January 29, 2026 at 09:41

Goals
1 2 3 T
Edmonton Oilers 1 2 0 3
Chicago Black Hawks 0 1 4 5
Shots
1 2 3 T
Edmonton Oilers 10 12 9 31
Chicago Black Hawks 14 12 9 35

1st period

1. Edmonton Oilers , Adrian Kempe 4 (Ryan McLeod 6) at 6:57

Penalties :
Adrian Kempe (EDM) for Slashing (Minor) at 17:09

2nd period

2. Edmonton Oilers , Kirill Marchenko 7 (Evan Bouchard 4, David Savard 3) at 4:55
3. Chicago Black Hawks , Barrett Hayton 4 (Oliver Bjorkstrand 4, Filip Gustavsson) at 5:40
4. Edmonton Oilers , Adrian Kempe 5 (Kirill Marchenko 6, Jacob Trouba 3) at 14:36

Penalties :
Jacob Trouba (EDM) for Hooking (Minor) at 6:26, Brandon Carlo (EDM) for Tripping (Minor) at 6:49, Ryan Suzuki (CHI) for Delaying the game (Minor) at 9:55

3rd period

5. Chicago Black Hawks , Matthew Beniers 2 (Shane Wright 2, Leo Carlsson 11) at 6:48
6. Chicago Black Hawks , Brett Howden 2 (Shane Wright 3, Christopher Tanev 2) at 11:15 (PP)
7. Chicago Black Hawks , Oliver Bjorkstrand 7 (Ryan Suzuki 1, Noah Dobson 3) at 13:22
8. Chicago Black Hawks , Leo Carlsson 10 (Lucas Raymond 11) at 18:06 (PP)

Penalties :
Connor McMichael (EDM) for Hooking (Minor) at 1:34, Ryan Lindgren (CHI) for Roughing (Minor) at 4:31, Morgan Barron (EDM) for Slashing (Minor) at 10:12, Zachary Werenski (CHI) for Holding (Minor) at 15:34, Scott Mayfield (EDM) for Hooking (Minor) at 17:55

Goalie Stats

Juuse Saros (EDM), 30 saves from 35 shots - (0.857), L, 0-4-2, 60:00 minutes
Filip Gustavsson (CHI), 28 saves from 31 shots - (0.903), W, 3-3-0, 60:00 minutes

Players Stats for Edmonton Oilers

Player Name              G  A  P  +/- PIM S  H  SB GA TA FO     MP     PP MP  PK MP  
------------------------------------------------------------------------------------
Adrian Kempe             2  0  2   2  2   4  0  0  0  0  0/0    18:11   3:23   0:00 
Boone Jenner             0  0  0  -1  0   0  1  0  0  0  5/10   12:05   0:03   0:00 
Brandon Carlo            0  0  0  -1  2   0  2  0  0  0  0/0    22:01   2:35   2:42 
Brock Boeser             0  0  0  -1  0   4  2  0  1  0  0/5    19:34   2:31   3:47 
Connor McMichael         0  0  0  -1  2   1  0  0  1  0  13/24  15:58   2:31   0:09 
David Savard             0  1  1   0  0   1  1  1  0  2  0/0    23:04   3:22   3:39 
Dawson Mercer            0  0  0  -1  0   0  0  1  0  2  0/0    12:46   0:03   0:37 
Derek Ryan               0  0  0   0  0   0  0  0  0  0  0/0     6:15   0:00   0:00 
Dylan Holloway           0  0  0  -1  0   4  0  0  2  0  0/0    12:05   0:03   0:00 
Evan Bouchard            0  1  1   0  0   1  0  1  1  1  0/0    23:04   3:22   3:39 
Jacob Trouba             0  1  1  -1  2   0  2  0  0  0  0/0    21:58   2:35   2:40 
Jake DeBrusk             0  0  0  -1  0   2  2  0  0  2  0/1    18:56   2:31   3:09 
Kirill Marchenko         1  1  2   2  0   5  0  2  1  0  0/1    21:26   3:23   3:11 
Morgan Barron            0  0  0   0  2   0  0  0  0  0  1/2     6:30   0:00   0:12 
Ryan McLeod              0  1  1   2  0   6  1  0  0  0  17/25  20:37   3:23   2:22 
Scott Mayfield           0  0  0   1  2   0  5  0  0  1  0/0    15:20   0:00   1:35 
Tanner Jeannot           0  0  0   0  0   2  0  0  0  0  0/0     6:15   0:00   0:00 
Troy Stecher             0  0  0   1  0   1  0  0  0  1  0/0    14:39   0:00   0:57 

Players Stats for Chicago Black Hawks

Player Name              G  A  P  +/- PIM S  H  SB GA TA FO     MP     PP MP  PK MP  
------------------------------------------------------------------------------------
Barrett Hayton           1  0  1   0  0   7  1  0  3  0  6/19   19:10   3:47   2:44 
Bobby Brink              0  0  0   0  0   3  1  0  0  0  0/0     8:05   0:00   0:00 
Brent Burns              0  0  0  -1  0   1  0  2  0  0  0/0    27:04   3:31   2:56 
Brett Howden             1  0  1   0  0   1  2  0  1  0  2/4     8:59   0:15   0:03 
Christopher Tanev        0  1  1   1  0   1  1  4  0  1  0/0    21:14   4:00   3:01 
Eeli Tolvanen            0  0  0   1  0   1  0  1  0  0  1/3    11:20   0:15   0:00 
Justin Faulk             0  0  0   1  0   0  1  2  0  2  0/0    21:49   4:00   3:14 
Kevin Fiala              0  0  0  -1  0   1  1  0  0  0  2/6    20:35   3:32   2:44 
Leo Carlsson             1  1  2  -1  0   5  0  2  1  1  16/24  20:46   3:32   3:10 
Lucas Raymond            0  1  1  -1  0   2  2  1  1  0  0/0    20:46   3:32   3:10 
Matthew Beniers          1  0  1   1  0   3  1  0  0  0  4/8    15:12   3:47   0:00 
Noah Dobson              0  1  1   0  0   0  1  0  0  0  0/0    11:57   0:03   0:15 
Oliver Bjorkstrand       1  1  2   0  0   1  1  0  1  0  0/1    16:07   3:47   0:00 
Ryan Lindgren            0  0  0   0  2   0  3  1  1  1  0/0    12:16   0:00   0:34 
Ryan Suzuki              0  1  1   0  2   1  0  0  0  0  1/2    12:37   0:00   0:00 
Shane Wright             0  2  2   1  0   3  3  0  0  0  0/1    11:59   0:15   0:03 
Trevor Lewis             0  0  0   0  0   0  0  0  0  1  0/0     8:05   0:00   0:00 
Zachary Werenski         0  0  0  -1  2   5  0  2  1  0  0/0    25:59   3:34   1:54 

3 Stars

1 - Adrian Kempe (EDM)
2 - Kirill Marchenko (EDM)
3 - Shane Wright (CHI)

Power Play

Edmonton Oilers - 0 on 3 Attempt(s) - 0.00%
Chicago Black Hawks - 2 on 6 Attempt(s) - 33.33%

Penalty Kill

Edmonton Oilers - 4 on 6 Attempt(s) - 66.67% - Score 0 goal in Penalty Kill
Chicago Black Hawks - 3 on 3 Attempt(s) - 100.00% - Score 0 goal in Penalty Kill

Team Stat

Edmonton Oilers - Hits : 16 - Faceoff Wins : 36 - Blocked Shots : 5 - Penalty Minutes : 12
Chicago Black Hawks - Hits : 18 - Faceoff Wins : 32 - Blocked Shots : 15 - Penalty Minutes : 6

Official

Referees : Frederick L'Ecuyer and Cody Beach
Linesman : Ryan Galloway

Game Notes

No Game Note

Finance

Level 1 -- Attendance: 4202 (70.03%) -- Ticket Income $420,200
Level 2 -- Attendance: 3748 (74.96%) -- Ticket Income $224,880
Level 3 -- Attendance: 2506 (83.53%) -- Ticket Income $87,710
Level 4 -- Attendance: 3964 (79.28%) -- Ticket Income $99,100
Luxury Box -- Attendance: 790 (79.00%) -- Ticket Income $158,000
Game was played at the United Center.
Total Attendance: 15210 (76.05%)
Total Ticket Income: $989,890
Other Income: $346,462
Total Income: $1,336,352

Edmonton Oilers

5 vs 5 Forward 
   Center                   Left Wing                Right Wing               Time % Phy DF OF 
 1 Ryan McLeod              Adrian Kempe             Kirill Marchenko         30     1   2  2  
 2 Connor McMichael         Jake DeBrusk             Brock Boeser             30     1   2  2  
 3 Boone Jenner             Dylan Holloway           Dawson Mercer            25     1   2  2  
 4 Morgan Barron            Tanner Jeannot           Derek Ryan               15     1   2  2  

5 vs 5 Defense 
   Defense                  Defense                                           Time % Phy DF OF 
 1 Jacob Trouba             Brandon Carlo                                     35     1   2  2  
 2 David Savard             Evan Bouchard                                     35     1   2  2  
 3 Troy Stecher             Scott Mayfield                                    30     1   2  2  
 4 Troy Stecher             Jacob Trouba                                      0      1   2  2  

PowerPlay Forward 
   Center                   Left Wing                Right Wing               Time % Phy DF OF 
 1 Ryan McLeod              Adrian Kempe             Kirill Marchenko         50     1   2  2  
 2 Connor McMichael         Jake DeBrusk             Brock Boeser             50     1   2  2  

PowerPlay Defense
   Defense                  Defense                                           Time % Phy DF OF 
 1 Jacob Trouba             Brandon Carlo                                     50     1   2  2  
 2 David Savard             Evan Bouchard                                     50     1   2  2  

Penalty Kill 4 Players Forward 
   Center                   Wing                     Time % Phy DF OF 
 1 Ryan McLeod              Kirill Marchenko         50     1   2  2  
 2 Brock Boeser             Jake DeBrusk             50     1   2  2  

Penalty Kill 4 Players Defense
   Defense                  Defense                  Time % Phy DF OF 
 1 Jacob Trouba             Brandon Carlo            50     1   2  2  
 2 David Savard             Evan Bouchard            50     1   2  2  

Penalty Kill - 3 Players Forward 
   Forward                                           Time % Phy DF OF 
 1 Brock Boeser                                      50     1   2  2  
 2 Kirill Marchenko                                  50     1   2  2  

Penalty Kill - 3 Players Defense
   Defense                  Defense                  Time % Phy DF OF 
 1 Jacob Trouba             Brandon Carlo            50     1   2  2  
 2 David Savard             Evan Bouchard            50     1   2  2  

4 vs 4 Forward 
   Center                   Wing                     Time % Phy DF OF 
 1 Ryan McLeod              Kirill Marchenko         50     1   2  2  
 2 Brock Boeser             Adrian Kempe             50     1   2  2  

4 vs 4 Defense
   Defense                  Defense                  Time % Phy DF OF 
 1 Jacob Trouba             Brandon Carlo            50     1   2  2  
 2 David Savard             Evan Bouchard            50     1   2  2  

Last Minutes Offensive
   Center                   Left Wing                Right Wing               Defense                  Defense                  
   Ryan McLeod              Adrian Kempe             Kirill Marchenko         Jacob Trouba             Brandon Carlo            

Last Minutes Defensive
   Center                   Left Wing                Right Wing               Defense                  Defense                  
   Ryan McLeod              Adrian Kempe             Kirill Marchenko         Jacob Trouba             Brandon Carlo            

Goaltenders
Starting : Juuse Saros              
Backup : Karel Vejmelka           

Extra Forwards
Normal : Dylan Holloway, Boone Jenner, Dawson Mercer - PP : Dylan Holloway, Boone Jenner - PK : Dawson Mercer
Extra Defensemen
Normal : Jacob Trouba, Scott Mayfield, Troy Stecher - PP : Jacob Trouba - PK : Scott Mayfield, Troy Stecher
Penalty Shots
Boone Jenner, Kirill Marchenko, Brock Boeser, Jake DeBrusk, Ryan McLeod

Scratches
Luke Hughes (Healthy), Brett Pesce (Healthy), Xavier Bourgault (Healthy), Jonathan Quick (Healthy)

Chicago Black Hawks

5 vs 5 Forward 
   Center                   Left Wing                Right Wing               Time % Phy DF OF 
 1 Leo Carlsson             Lucas Raymond            Kevin Fiala              30     1   2  2  
 2 Barrett Hayton           Ryan Suzuki              Oliver Bjorkstrand       30     1   2  2  
 3 Matthew Beniers          Shane Wright             Eeli Tolvanen            25     1   2  2  
 4 Brett Howden             Trevor Lewis             Bobby Brink              15     1   2  2  

5 vs 5 Defense 
   Defense                  Defense                                           Time % Phy DF OF 
 1 Zachary Werenski         Brent Burns                                       30     1   2  2  
 2 Justin Faulk             Christopher Tanev                                 30     1   2  2  
 3 Noah Dobson              Ryan Lindgren                                     25     1   2  2  
 4 Zachary Werenski         Brent Burns                                       15     1   2  2  

PowerPlay Forward 
   Center                   Left Wing                Right Wing               Time % Phy DF OF 
 1 Leo Carlsson             Lucas Raymond            Kevin Fiala              50     1   2  2  
 2 Barrett Hayton           Matthew Beniers          Oliver Bjorkstrand       50     1   2  2  

PowerPlay Defense
   Defense                  Defense                                           Time % Phy DF OF 
 1 Zachary Werenski         Brent Burns                                       50     1   2  2  
 2 Justin Faulk             Christopher Tanev                                 50     1   2  2  

Penalty Kill 4 Players Forward 
   Center                   Wing                     Time % Phy DF OF 
 1 Leo Carlsson             Lucas Raymond            50     1   2  2  
 2 Kevin Fiala              Barrett Hayton           50     1   2  2  

Penalty Kill 4 Players Defense
   Defense                  Defense                  Time % Phy DF OF 
 1 Zachary Werenski         Brent Burns              50     1   2  2  
 2 Justin Faulk             Christopher Tanev        50     1   2  2  

Penalty Kill - 3 Players Forward 
   Forward                                           Time % Phy DF OF 
 1 Leo Carlsson                                      50     1   2  2  
 2 Lucas Raymond                                     50     1   2  2  

Penalty Kill - 3 Players Defense
   Defense                  Defense                  Time % Phy DF OF 
 1 Zachary Werenski         Brent Burns              50     1   2  2  
 2 Justin Faulk             Christopher Tanev        50     1   2  2  

4 vs 4 Forward 
   Center                   Wing                     Time % Phy DF OF 
 1 Leo Carlsson             Lucas Raymond            50     1   2  2  
 2 Kevin Fiala              Barrett Hayton           50     1   2  2  

4 vs 4 Defense
   Defense                  Defense                  Time % Phy DF OF 
 1 Zachary Werenski         Brent Burns              50     1   2  2  
 2 Justin Faulk             Christopher Tanev        50     1   2  2  

Last Minutes Offensive
   Center                   Left Wing                Right Wing               Defense                  Defense                  
   Leo Carlsson             Lucas Raymond            Kevin Fiala              Zachary Werenski         Brent Burns              

Last Minutes Defensive
   Center                   Left Wing                Right Wing               Defense                  Defense                  
   Leo Carlsson             Lucas Raymond            Kevin Fiala              Zachary Werenski         Brent Burns              

Goaltenders
Starting : Filip Gustavsson         
Backup : Jesper Wallstedt         

Extra Forwards
Normal : Matthew Beniers, Shane Wright, Brett Howden - PP : Matthew Beniers, Shane Wright - PK : Brett Howden
Extra Defensemen
Normal : Noah Dobson, Ryan Lindgren, Justin Faulk - PP : Noah Dobson - PK : Ryan Lindgren, Justin Faulk
Penalty Shots
Leo Carlsson, Lucas Raymond, Kevin Fiala, Barrett Hayton, Oliver Bjorkstrand

Scratches
Trevor Zegras (Healthy), Simon Nemec (Healthy)

% Time on Ice - Edmonton Oilers

Lines # - Real PCT - Wanted PCT - Time Play
Normal Forward
1 - 33% - 30% - 15:22
2 - 29% - 30% - 13:20
3 - 25% - 25% - 11:32
4 - 13% - 15% - 6:15
Normal Defense
1 - 36% - 35% - 16:44
2 - 35% - 35% - 16:03
3 - 29% - 30% - 13:42
4 - 0% - 0% - 0:00
PP Forward
1 - 58% - 50% - 3:26
2 - 42% - 50% - 2:31
PP Defense
1 - 43% - 50% - 2:35
2 - 57% - 50% - 3:22
PK Forward
1 - 41% - 50% - 2:25
2 - 59% - 50% - 3:33
PK Defense
1 - 52% - 50% - 3:06
2 - 48% - 50% - 2:52
PK3 Forward
1 - 54% - 50% - 0:52
2 - 46% - 50% - 0:44
PK3 Defense
1 - 51% - 50% - 0:49
2 - 49% - 50% - 0:47
44 Forward
1 - 0% - 50%
2 - 0% - 50%
44 Defense
1 - 0% - 50%
2 - 0% - 50%
Last Minute Offensive  - 0:00
Last Minute Defensive  - 0:00
Total
Forward - 60:00
Defense - 60:00

% Time on Ice - Chicago Black Hawks

Lines # - Real PCT - Wanted PCT - Time Play
Normal Forward
1 - 31% - 30% - 14:23
2 - 28% - 30% - 12:56
3 - 24% - 25% - 11:05
4 - 17% - 15% - 8:05
Normal Defense
1 - 32% - 30% - 14:47
2 - 31% - 30% - 14:13
3 - 25% - 25% - 11:39
4 - 13% - 15% - 5:50
PP Forward
1 - 47% - 50% - 3:32
2 - 53% - 50% - 4:02
PP Defense
1 - 47% - 50% - 3:34
2 - 53% - 50% - 4:00
PK Forward
1 - 53% - 50% - 3:10
2 - 47% - 50% - 2:47
PK Defense
1 - 54% - 50% - 3:11
2 - 46% - 50% - 2:46
PK3 Forward
1 - 0% - 50%
2 - 0% - 50%
PK3 Defense
1 - 0% - 50%
2 - 0% - 50%
44 Forward
1 - 0% - 50%
2 - 0% - 50%
44 Defense
1 - 0% - 50%
2 - 0% - 50%
Last Minute Offensive  - 0:00
Last Minute Defensive  - 0:00
Total
Forward - 60:00
Defense - 60:00

Play-by-Play

1st period


0:01 of 1st period - Ryan McLeod wins face-off versus Leo Carlsson in neutral zone.
0:10 of 1st period - Slapshot by Kirill Marchenko.
0:10 of 1st period - Shot Blocked by Zachary Werenski.
0:55 of 1st period - Snap shot by Barrett Hayton.
0:55 of 1st period - Shot Misses the Net.
0:57 of 1st period - Slapshot by Brent Burns.
0:57 of 1st period - Shot Misses the Net.
0:59 of 1st period - Slapshot by Zachary Werenski.
0:59 of 1st period - Stopped by Juuse Saros with a rebound.
1:01 of 1st period - Slapshot by Zachary Werenski.
1:01 of 1st period - Stopped by Juuse Saros with a rebound.
1:31 of 1st period - Slapshot by Evan Bouchard.
1:31 of 1st period - Shot Blocked by Christopher Tanev.
2:15 of 1st period - Off-side.
2:16 of 1st period - Connor McMichael wins face-off versus Brett Howden in neutral zone.
2:21 of 1st period - Snap shot by Jake DeBrusk.
2:21 of 1st period - Stopped by Filip Gustavsson with a rebound.
3:12 of 1st period - Off-side.
3:13 of 1st period - Leo Carlsson wins face-off versus Boone Jenner in neutral zone.
3:57 of 1st period - Snap shot by Morgan Barron.
3:57 of 1st period - Shot Misses the Net.
4:05 of 1st period - Snap shot by Shane Wright.
4:05 of 1st period - Stopped by Juuse Saros with a rebound.
4:07 of 1st period - Snap shot by Matthew Beniers.
4:07 of 1st period - Shot Misses the Net.
4:09 of 1st period - Slapshot by Zachary Werenski.
4:09 of 1st period - Stopped by Juuse Saros with a rebound.
4:11 of 1st period - Snap shot by Eeli Tolvanen.
4:11 of 1st period - Stopped by Juuse Saros without a rebound.
4:12 of 1st period - Ryan McLeod wins face-off versus Barrett Hayton in Edmonton Oilers zone.
4:39 of 1st period - Scott Mayfield is hit by Ryan Lindgren and loses puck.
4:48 of 1st period - Kevin Fiala is hit by Scott Mayfield and loses puck.
5:23 of 1st period - Snap shot by Bobby Brink.
5:23 of 1st period - Stopped by Juuse Saros with a rebound.
5:49 of 1st period - Snap shot by Barrett Hayton.
5:49 of 1st period - Stopped by Juuse Saros with a rebound.
6:01 of 1st period - Evan Bouchard is hit by Lucas Raymond and loses puck.
6:37 of 1st period - Icing by Ryan Lindgren.
6:38 of 1st period - Brett Howden wins face-off versus Morgan Barron in Chicago Black Hawks zone.
6:51 of 1st period - Snap shot by Leo Carlsson.
6:51 of 1st period - Deflect By Lucas Raymond.
6:51 of 1st period - Stopped by Juuse Saros without a rebound.
6:52 of 1st period - Ryan McLeod wins face-off versus Barrett Hayton in Edmonton Oilers zone.
6:57 of 1st period - Snap shot by Adrian Kempe.
6:57 of 1st period - Goal by Adrian Kempe - Edmonton Oilers : 1 - Chicago Black Hawks : 0.
6:58 of 1st period - Ryan McLeod wins face-off versus Barrett Hayton in neutral zone.
7:54 of 1st period - Snap shot by Dawson Mercer.
7:54 of 1st period - Shot Misses the Net.
8:25 of 1st period - Off-side.
8:26 of 1st period - Ryan McLeod wins face-off versus Oliver Bjorkstrand in neutral zone.
8:31 of 1st period - Wrist shot by Adrian Kempe.
8:31 of 1st period - Shot Blocked by Christopher Tanev.
8:34 of 1st period - Icing by Christopher Tanev.
8:35 of 1st period - Connor McMichael wins face-off versus Barrett Hayton in Chicago Black Hawks zone.
8:36 of 1st period - Wrist shot by Jake DeBrusk.
8:36 of 1st period - Stopped by Filip Gustavsson without a rebound.
8:37 of 1st period - Leo Carlsson wins face-off versus Connor McMichael in Chicago Black Hawks zone.
9:07 of 1st period - Zachary Werenski is hit by Scott Mayfield and loses puck.
9:53 of 1st period - Justin Faulk is hit by Scott Mayfield and loses puck.
10:34 of 1st period - Wrist shot by Kirill Marchenko.
10:34 of 1st period - Shot Misses the Net.
10:36 of 1st period - Snap shot by Kirill Marchenko.
10:36 of 1st period - Shot Blocked by Ryan Lindgren.
10:38 of 1st period - Backhand shot by Jacob Trouba.
10:38 of 1st period - Deflect By Ryan McLeod.
10:38 of 1st period - Shot Blocked by Lucas Raymond.
10:38 of 1st period - Puck is out of play.
10:39 of 1st period - Eeli Tolvanen wins face-off versus Boone Jenner in Chicago Black Hawks zone.
11:06 of 1st period - Connor McMichael is hit by Oliver Bjorkstrand and loses puck.
11:11 of 1st period - Slapshot by Barrett Hayton.
11:11 of 1st period - Stopped by Juuse Saros with a rebound.
11:13 of 1st period - Snap shot by Ryan Suzuki.
11:13 of 1st period - Stopped by Juuse Saros with a rebound.
11:35 of 1st period - Backhand shot by Bobby Brink.
11:35 of 1st period - Stopped by Juuse Saros with a rebound.
11:43 of 1st period - Wrist shot by Brock Boeser.
11:43 of 1st period - Stopped by Filip Gustavsson with a rebound.
11:45 of 1st period - Snap shot by David Savard.
11:45 of 1st period - Shot Misses the Net.
11:55 of 1st period - Connor McMichael is hit by Christopher Tanev.
12:05 of 1st period - Snap shot by Brock Boeser.
12:05 of 1st period - Stopped by Filip Gustavsson without a rebound.
12:06 of 1st period - Leo Carlsson wins face-off versus Ryan McLeod in Chicago Black Hawks zone.
12:33 of 1st period - Brandon Carlo is hit by Shane Wright and loses puck.
13:00 of 1st period - Slapshot by Barrett Hayton.
13:00 of 1st period - Stopped by Juuse Saros without a rebound.
13:01 of 1st period - Kevin Fiala wins face-off versus Ryan McLeod in Edmonton Oilers zone.
13:04 of 1st period - Snap shot by Kevin Fiala.
13:04 of 1st period - Shot Misses the Net.
13:07 of 1st period - Icing by Scott Mayfield.
13:08 of 1st period - Leo Carlsson wins face-off versus Ryan McLeod in Edmonton Oilers zone.
13:19 of 1st period - Slapshot by Ryan McLeod.
13:19 of 1st period - Stopped by Filip Gustavsson with a rebound.
13:21 of 1st period - Slapshot by Ryan McLeod.
13:21 of 1st period - Stopped by Filip Gustavsson with a rebound.
13:23 of 1st period - Snap shot by Ryan McLeod.
13:23 of 1st period - Deflect By Zachary Werenski.
13:23 of 1st period - Shot Misses the Net.
13:23 of 1st period - Puck is out of play.
13:24 of 1st period - Matthew Beniers wins face-off versus Boone Jenner in Chicago Black Hawks zone.
15:06 of 1st period - Snap shot by Morgan Barron.
15:06 of 1st period - Shot Blocked by Justin Faulk.
15:31 of 1st period - Slapshot by Leo Carlsson.
15:31 of 1st period - Stopped by Juuse Saros without a rebound.
15:32 of 1st period - Leo Carlsson wins face-off versus Connor McMichael in Edmonton Oilers zone.
16:16 of 1st period - Jacob Trouba is hit by Ryan Lindgren and loses puck.
16:23 of 1st period - Shane Wright is hit by Jacob Trouba and loses puck.
16:38 of 1st period - Slapshot by Bobby Brink.
16:38 of 1st period - Shot Hit the Post.
16:40 of 1st period - Snap shot by Ryan Lindgren.
16:40 of 1st period - Deflect By Bobby Brink.
16:40 of 1st period - Shot Misses the Net.
16:40 of 1st period - Puck is out of play.
16:41 of 1st period - Brett Howden wins face-off versus Connor McMichael in Edmonton Oilers zone.
17:09 of 1st period - Minor Penalty to Adrian Kempe for Slashing.
17:10 of 1st period - Ryan McLeod wins face-off versus Leo Carlsson in Edmonton Oilers zone.
17:17 of 1st period - Wrist shot by Ryan McLeod.
17:17 of 1st period - Stopped by Filip Gustavsson without a rebound.
17:18 of 1st period - Ryan McLeod wins face-off versus Leo Carlsson in Chicago Black Hawks zone.
17:21 of 1st period - Slapshot by Ryan McLeod.
17:21 of 1st period - Stopped by Filip Gustavsson without a rebound.
17:22 of 1st period - Barrett Hayton wins face-off versus Brock Boeser in Chicago Black Hawks zone.
17:22 of 1st period - Barrett Hayton is hit by Brock Boeser.
17:30 of 1st period - Wrist shot by Barrett Hayton.
17:30 of 1st period - Stopped by Juuse Saros with a rebound.
18:39 of 1st period - Lucas Raymond is hit by David Savard and loses puck.
19:09 of 1st period - Penalty to Adrian Kempe is over, Adrian Kempe is back on ice.
19:45 of 1st period - Snap shot by Dylan Holloway.
19:45 of 1st period - Stopped by Filip Gustavsson with a rebound.
19:51 of 1st period - Dylan Holloway is hit by Brett Howden and loses puck.
Goals for this period are 1 for Edmonton Oilers vs 0 for Chicago Black Hawks.
Shots for this period are 10 for Edmonton Oilers vs 14 for Chicago Black Hawks.

2nd period


0:01 of 2nd period - Ryan McLeod wins face-off versus Barrett Hayton in neutral zone.
0:04 of 2nd period - Backhand shot by Adrian Kempe.
0:04 of 2nd period - Deflect By Kirill Marchenko.
0:04 of 2nd period - Shot Misses the Net.
0:04 of 2nd period - Puck is out of play.
0:05 of 2nd period - Ryan McLeod wins face-off versus Barrett Hayton in Chicago Black Hawks zone.
0:10 of 2nd period - Wrist shot by Kirill Marchenko.
0:10 of 2nd period - Stopped by Filip Gustavsson without a rebound.
0:11 of 2nd period - Barrett Hayton wins face-off versus Connor McMichael in Chicago Black Hawks zone.
0:11 of 2nd period - Barrett Hayton is hit by Brandon Carlo.
0:27 of 2nd period - Snap shot by Oliver Bjorkstrand.
0:27 of 2nd period - Shot Misses the Net.
0:45 of 2nd period - Snap shot by Leo Carlsson.
0:45 of 2nd period - Deflect By Lucas Raymond.
0:45 of 2nd period - Shot Blocked by Kirill Marchenko.
0:45 of 2nd period - Puck is out of play.
0:46 of 2nd period - Ryan McLeod wins face-off versus Leo Carlsson in Edmonton Oilers zone.
1:24 of 2nd period - Barrett Hayton is hit by Brock Boeser and loses puck.
2:03 of 2nd period - Scott Mayfield is hit by Bobby Brink.
2:20 of 2nd period - Kirill Marchenko is hit by Kevin Fiala and loses puck.
2:41 of 2nd period - Connor McMichael is hit by Barrett Hayton and loses puck.
3:33 of 2nd period - Snap shot by Adrian Kempe.
3:33 of 2nd period - Shot Blocked by Zachary Werenski.
3:45 of 2nd period - Slapshot by Lucas Raymond.
3:45 of 2nd period - Stopped by Juuse Saros with a rebound.
3:47 of 2nd period - Slapshot by Zachary Werenski.
3:47 of 2nd period - Stopped by Juuse Saros without a rebound.
3:48 of 2nd period - Leo Carlsson wins face-off versus Connor McMichael in Edmonton Oilers zone.
3:49 of 2nd period - Wrist shot by Lucas Raymond.
3:49 of 2nd period - Shot Blocked by David Savard.
4:35 of 2nd period - Wrist shot by Shane Wright.
4:35 of 2nd period - Stopped by Juuse Saros without a rebound.
4:36 of 2nd period - Ryan McLeod wins face-off versus Matthew Beniers in Edmonton Oilers zone.
4:36 of 2nd period - Ryan McLeod is hit by Shane Wright.
4:43 of 2nd period - Kirill Marchenko is hit by Matthew Beniers and loses puck.
4:49 of 2nd period - Snap shot by David Savard.
4:49 of 2nd period - Shot Blocked by Eeli Tolvanen.
4:51 of 2nd period - Slapshot by Evan Bouchard.
4:51 of 2nd period - Shot Misses the Net.
4:53 of 2nd period - Slapshot by Evan Bouchard.
4:53 of 2nd period - Shot Misses the Net.
4:55 of 2nd period - Slapshot by Kirill Marchenko.
4:55 of 2nd period - Goal by Kirill Marchenko - Edmonton Oilers : 2 - Chicago Black Hawks : 0.
4:56 of 2nd period - Leo Carlsson wins face-off versus Connor McMichael in neutral zone.
5:07 of 2nd period - Wrist shot by Leo Carlsson.
5:07 of 2nd period - Stopped by Juuse Saros with a rebound.
5:40 of 2nd period - Snap shot by Barrett Hayton.
5:40 of 2nd period - Goal by Barrett Hayton - Edmonton Oilers : 2 - Chicago Black Hawks : 1.
5:41 of 2nd period - Connor McMichael wins face-off versus Barrett Hayton in neutral zone.
5:46 of 2nd period - Wrist shot by Connor McMichael.
5:46 of 2nd period - Stopped by Filip Gustavsson without a rebound.
5:47 of 2nd period - Connor McMichael wins face-off versus Barrett Hayton in Chicago Black Hawks zone.
6:19 of 2nd period - Wrist shot by Kirill Marchenko.
6:19 of 2nd period - Stopped by Filip Gustavsson with a rebound.
6:21 of 2nd period - Slapshot by David Savard.
6:21 of 2nd period - Stopped by Filip Gustavsson without a rebound.
6:22 of 2nd period - Boone Jenner wins face-off versus Matthew Beniers in Chicago Black Hawks zone.
6:26 of 2nd period - Minor Penalty to Jacob Trouba for Hooking.
6:27 of 2nd period - Barrett Hayton wins face-off versus Brock Boeser in Edmonton Oilers zone.
6:31 of 2nd period - Slapshot by Christopher Tanev.
6:31 of 2nd period - Shot Misses the Net.
6:49 of 2nd period - Minor Penalty to Brandon Carlo for Tripping.
6:50 of 2nd period - Leo Carlsson wins face-off versus Brock Boeser in Edmonton Oilers zone.
7:25 of 2nd period - Snap shot by Zachary Werenski.
7:25 of 2nd period - Shot Blocked by Kirill Marchenko.
7:27 of 2nd period - Wrist shot by Barrett Hayton.
7:27 of 2nd period - Stopped by Juuse Saros without a rebound.
7:28 of 2nd period - Leo Carlsson wins face-off versus Kirill Marchenko in Edmonton Oilers zone.
8:26 of 2nd period - Penalty to Jacob Trouba is over, Jacob Trouba is back on ice.
8:49 of 2nd period - Penalty to Brandon Carlo is over, Brandon Carlo is back on ice.
8:58 of 2nd period - Brandon Carlo is hit by Justin Faulk and loses puck.
9:55 of 2nd period - Minor Penalty to Ryan Suzuki for Delaying the game.
9:56 of 2nd period - Leo Carlsson wins face-off versus Ryan McLeod in Chicago Black Hawks zone.
10:34 of 2nd period - Snap shot by Evan Bouchard.
10:34 of 2nd period - Deflect By Adrian Kempe.
10:34 of 2nd period - Shot Blocked by Christopher Tanev.
10:34 of 2nd period - Puck is out of play.
10:35 of 2nd period - Leo Carlsson wins face-off versus Connor McMichael in Chicago Black Hawks zone.
10:45 of 2nd period - Off-side.
10:46 of 2nd period - Leo Carlsson wins face-off versus Connor McMichael in neutral zone.
11:17 of 2nd period - Off-side.
11:18 of 2nd period - Ryan McLeod wins face-off versus Kevin Fiala in neutral zone.
11:25 of 2nd period - Slapshot by Adrian Kempe.
11:25 of 2nd period - Deflect By Ryan McLeod.
11:25 of 2nd period - Deflect By Kevin Fiala.
11:25 of 2nd period - Shot Misses the Net.
11:25 of 2nd period - Puck is out of play.
11:26 of 2nd period - Ryan McLeod wins face-off versus Kevin Fiala in Chicago Black Hawks zone.
11:29 of 2nd period - Wrist shot by Kirill Marchenko.
11:29 of 2nd period - Shot Blocked by Justin Faulk.
11:43 of 2nd period - Snap shot by Kirill Marchenko.
11:43 of 2nd period - Shot Misses the Net.
11:55 of 2nd period - Penalty to Ryan Suzuki is over, Ryan Suzuki is back on ice.
12:13 of 2nd period - Snap shot by Adrian Kempe.
12:13 of 2nd period - Stopped by Filip Gustavsson without a rebound.
12:14 of 2nd period - Matthew Beniers wins face-off versus Jake DeBrusk in Chicago Black Hawks zone.
12:14 of 2nd period - Matthew Beniers is hit by Scott Mayfield.
13:20 of 2nd period - Brent Burns is hit by Brandon Carlo and loses puck.
13:32 of 2nd period - Icing by Brent Burns.
13:33 of 2nd period - Ryan McLeod wins face-off versus Barrett Hayton in Chicago Black Hawks zone.
13:34 of 2nd period - Wrist shot by Adrian Kempe.
13:34 of 2nd period - Shot Misses the Net.
13:36 of 2nd period - Snap shot by Adrian Kempe.
13:36 of 2nd period - Stopped by Filip Gustavsson without a rebound.
13:37 of 2nd period - Ryan McLeod wins face-off versus Leo Carlsson in Chicago Black Hawks zone.
14:06 of 2nd period - Icing by David Savard.
14:07 of 2nd period - Connor McMichael wins face-off versus Matthew Beniers in Edmonton Oilers zone.
14:34 of 2nd period - Snap shot by Adrian Kempe.
14:34 of 2nd period - Shot Misses the Net.
14:36 of 2nd period - Snap shot by Adrian Kempe.
14:36 of 2nd period - Goal by Adrian Kempe - Edmonton Oilers : 3 - Chicago Black Hawks : 1.
14:37 of 2nd period - Leo Carlsson wins face-off versus Ryan McLeod in neutral zone.
14:42 of 2nd period - Slapshot by Kevin Fiala.
14:42 of 2nd period - Stopped by Juuse Saros without a rebound.
14:43 of 2nd period - Leo Carlsson wins face-off versus Ryan McLeod in Edmonton Oilers zone.
14:48 of 2nd period - Wrist shot by Lucas Raymond.
14:48 of 2nd period - Shot Misses the Net.
14:50 of 2nd period - Slapshot by Brent Burns.
14:50 of 2nd period - Deflect By Adrian Kempe.
14:50 of 2nd period - Stopped by Juuse Saros without a rebound.
14:51 of 2nd period - Boone Jenner wins face-off versus Eeli Tolvanen in Edmonton Oilers zone.
15:03 of 2nd period - Slapshot by Dylan Holloway.
15:03 of 2nd period - Stopped by Filip Gustavsson without a rebound.
15:04 of 2nd period - Ryan McLeod wins face-off versus Leo Carlsson in Chicago Black Hawks zone.
15:20 of 2nd period - Slapshot by Christopher Tanev.
15:20 of 2nd period - Stopped by Juuse Saros with a rebound.
15:30 of 2nd period - Eeli Tolvanen is hit by Boone Jenner and loses puck.
15:41 of 2nd period - Wrist shot by Dylan Holloway.
15:41 of 2nd period - Stopped by Filip Gustavsson without a rebound.
15:42 of 2nd period - Barrett Hayton wins face-off versus Brock Boeser in Chicago Black Hawks zone.
16:07 of 2nd period - Evan Bouchard is hit by Ryan Lindgren and loses puck.
16:32 of 2nd period - Wrist shot by Tanner Jeannot.
16:32 of 2nd period - Shot Misses the Net.
16:34 of 2nd period - Snap shot by Morgan Barron.
16:34 of 2nd period - Shot Blocked by Leo Carlsson.
16:40 of 2nd period - Wrist shot by Tanner Jeannot.
16:40 of 2nd period - Stopped by Filip Gustavsson without a rebound.
16:41 of 2nd period - Connor McMichael wins face-off versus Eeli Tolvanen in Chicago Black Hawks zone.
16:52 of 2nd period - Wrist shot by Connor McMichael.
16:52 of 2nd period - Shot Blocked by Brent Burns.
16:58 of 2nd period - Scott Mayfield is hit by Shane Wright.
17:18 of 2nd period - Slapshot by Scott Mayfield.
17:18 of 2nd period - Shot Misses the Net.
17:20 of 2nd period - Snap shot by Dylan Holloway.
17:20 of 2nd period - Stopped by Filip Gustavsson with a rebound.
17:47 of 2nd period - Icing by Trevor Lewis.
17:48 of 2nd period - Morgan Barron wins face-off versus Brett Howden in Chicago Black Hawks zone.
18:21 of 2nd period - Snap shot by Bobby Brink.
18:21 of 2nd period - Stopped by Juuse Saros with a rebound.
18:31 of 2nd period - Slapshot by Zachary Werenski.
18:31 of 2nd period - Stopped by Juuse Saros without a rebound.
18:32 of 2nd period - Ryan McLeod wins face-off versus Leo Carlsson in Edmonton Oilers zone.
18:49 of 2nd period - Wrist shot by Leo Carlsson.
18:49 of 2nd period - Stopped by Juuse Saros without a rebound.
18:50 of 2nd period - Connor McMichael wins face-off versus Barrett Hayton in Edmonton Oilers zone.
18:50 of 2nd period - Connor McMichael is hit by Noah Dobson.
19:32 of 2nd period - Off-side.
19:33 of 2nd period - Matthew Beniers wins face-off versus Boone Jenner in neutral zone.
Goals for this period are 2 for Edmonton Oilers vs 1 for Chicago Black Hawks.
Shots for this period are 12 for Edmonton Oilers vs 12 for Chicago Black Hawks.

3rd period


0:01 of 3rd period - Connor McMichael wins face-off versus Leo Carlsson in neutral zone.
0:06 of 3rd period - Slapshot by Brock Boeser.
0:06 of 3rd period - Stopped by Filip Gustavsson with a rebound.
0:32 of 3rd period - Slapshot by Kirill Marchenko.
0:32 of 3rd period - Stopped by Filip Gustavsson without a rebound.
0:33 of 3rd period - Boone Jenner wins face-off versus Matthew Beniers in Chicago Black Hawks zone.
1:22 of 3rd period - Wrist shot by Brock Boeser.
1:22 of 3rd period - Stopped by Filip Gustavsson with a rebound.
1:34 of 3rd period - Minor Penalty to Connor McMichael for Hooking.
1:35 of 3rd period - Leo Carlsson wins face-off versus Ryan McLeod in Edmonton Oilers zone.
3:34 of 3rd period - Penalty to Connor McMichael is over, Connor McMichael is back on ice.
4:25 of 3rd period - Slapshot by Dylan Holloway.
4:25 of 3rd period - Shot Misses the Net.
4:31 of 3rd period - Minor Penalty to Ryan Lindgren for Roughing.
4:32 of 3rd period - Connor McMichael wins face-off versus Kevin Fiala in Chicago Black Hawks zone.
4:33 of 3rd period - Snap shot by Brock Boeser.
4:33 of 3rd period - Shot Misses the Net.
4:35 of 3rd period - Backhand shot by Evan Bouchard.
4:35 of 3rd period - Deflect By Kevin Fiala.
4:35 of 3rd period - Stopped by Filip Gustavsson without a rebound.
4:36 of 3rd period - Kevin Fiala wins face-off versus Connor McMichael in Chicago Black Hawks zone.
4:36 of 3rd period - Kevin Fiala is hit by Jake DeBrusk.
5:12 of 3rd period - Wrist shot by Adrian Kempe.
5:12 of 3rd period - Shot Blocked by Leo Carlsson.
6:31 of 3rd period - Penalty to Ryan Lindgren is over, Ryan Lindgren is back on ice.
6:46 of 3rd period - Snap shot by Matthew Beniers.
6:46 of 3rd period - Stopped by Juuse Saros with a rebound.
6:48 of 3rd period - Snap shot by Matthew Beniers.
6:48 of 3rd period - Goal by Matthew Beniers - Edmonton Oilers : 3 - Chicago Black Hawks : 2.
6:49 of 3rd period - Connor McMichael wins face-off versus Barrett Hayton in neutral zone.
6:56 of 3rd period - Barrett Hayton is hit by Scott Mayfield and loses puck.
7:48 of 3rd period - Justin Faulk is hit by Ryan McLeod and loses puck.
8:20 of 3rd period - Wrist shot by Leo Carlsson.
8:20 of 3rd period - Stopped by Juuse Saros with a rebound.
9:24 of 3rd period - Wrist shot by Ryan McLeod.
9:24 of 3rd period - Stopped by Filip Gustavsson without a rebound.
9:25 of 3rd period - Connor McMichael wins face-off versus Barrett Hayton in Chicago Black Hawks zone.
10:12 of 3rd period - Minor Penalty to Morgan Barron for Slashing.
10:13 of 3rd period - Barrett Hayton wins face-off versus Brock Boeser in Edmonton Oilers zone.
11:06 of 3rd period - Brandon Carlo is hit by Brett Howden and loses puck.
11:15 of 3rd period - Snap shot by Brett Howden.
11:15 of 3rd period - Goal by Brett Howden - Edmonton Oilers : 3 - Chicago Black Hawks : 3.
11:16 of 3rd period - Boone Jenner wins face-off versus Shane Wright in neutral zone.
11:19 of 3rd period - Wrist shot by Dylan Holloway.
11:19 of 3rd period - Shot Blocked by Brent Burns.
11:42 of 3rd period - Matthew Beniers is hit by Jake DeBrusk and loses puck.
12:03 of 3rd period - Snap shot by Shane Wright.
12:03 of 3rd period - Stopped by Juuse Saros without a rebound.
12:04 of 3rd period - Boone Jenner wins face-off versus Ryan Suzuki in Edmonton Oilers zone.
12:54 of 3rd period - Snap shot by Adrian Kempe.
12:54 of 3rd period - Shot Misses the Net.
12:56 of 3rd period - Slapshot by Troy Stecher.
12:56 of 3rd period - Deflect By Ryan McLeod.
12:56 of 3rd period - Stopped by Filip Gustavsson with a rebound.
12:58 of 3rd period - Slapshot by Kirill Marchenko.
12:58 of 3rd period - Stopped by Filip Gustavsson with a rebound.
13:00 of 3rd period - Wrist shot by Troy Stecher.
13:00 of 3rd period - Stopped by Filip Gustavsson with a rebound.
13:16 of 3rd period - Snap shot by Barrett Hayton.
13:16 of 3rd period - Stopped by Juuse Saros with a rebound.
13:18 of 3rd period - Slapshot by Noah Dobson.
13:18 of 3rd period - Shot Blocked by Evan Bouchard.
13:20 of 3rd period - Slapshot by Noah Dobson.
13:20 of 3rd period - Shot Misses the Net.
13:22 of 3rd period - Wrist shot by Ryan Suzuki.
13:22 of 3rd period - Deflect By Oliver Bjorkstrand.
13:22 of 3rd period - Goal by Oliver Bjorkstrand - Edmonton Oilers : 3 - Chicago Black Hawks : 4.
13:23 of 3rd period - Connor McMichael wins face-off versus Barrett Hayton in neutral zone.
14:18 of 3rd period - Off-side.
14:19 of 3rd period - Ryan Suzuki wins face-off versus Connor McMichael in neutral zone.
14:29 of 3rd period - Snap shot by Brock Boeser.
14:29 of 3rd period - Deflect By Brent Burns.
14:29 of 3rd period - Shot Misses the Net.
14:29 of 3rd period - Puck is out of play.
14:30 of 3rd period - Barrett Hayton wins face-off versus Connor McMichael in Chicago Black Hawks zone.
14:30 of 3rd period - Barrett Hayton is hit by Jacob Trouba.
15:34 of 3rd period - Minor Penalty to Zachary Werenski for Holding.
15:35 of 3rd period - Connor McMichael wins face-off versus Kevin Fiala in Chicago Black Hawks zone.
15:36 of 3rd period - Snap shot by Brock Boeser.
15:36 of 3rd period - Shot Blocked by Christopher Tanev.
15:44 of 3rd period - Snap shot by Barrett Hayton.
15:44 of 3rd period - Shot Misses the Net.
16:02 of 3rd period - Ryan McLeod is hit by Lucas Raymond and loses puck.
17:34 of 3rd period - Penalty to Zachary Werenski is over, Zachary Werenski is back on ice.
17:55 of 3rd period - Minor Penalty to Scott Mayfield for Hooking.
17:56 of 3rd period - Leo Carlsson wins face-off versus Ryan McLeod in Edmonton Oilers zone.
18:04 of 3rd period - Snap shot by Lucas Raymond.
18:04 of 3rd period - Shot Misses the Net.
18:06 of 3rd period - Wrist shot by Leo Carlsson.
18:06 of 3rd period - Goal by Leo Carlsson - Edmonton Oilers : 3 - Chicago Black Hawks : 5.
18:07 of 3rd period - Matthew Beniers wins face-off versus Boone Jenner in neutral zone.
18:10 of 3rd period - Snap shot by Shane Wright.
18:10 of 3rd period - Shot Blocked by Dawson Mercer.
18:12 of 3rd period - Snap shot by Matthew Beniers.
18:12 of 3rd period - Stopped by Juuse Saros with a rebound.
18:41 of 3rd period - Snap shot by Tanner Jeannot.
18:41 of 3rd period - Stopped by Filip Gustavsson with a rebound.
Goals for this period are 0 for Edmonton Oilers vs 4 for Chicago Black Hawks.
Shots for this period are 9 for Edmonton Oilers vs 9 for Chicago Black Hawks.